 Dungeon Sprint DCSS version 0.31.0-9-g3a7656b989 (webtiles) character file.

Game seed: 1014031897872217018

1317 Heoruswealwe the Impaler (level 8, -2/83 HPs)
             Began as a Minotaur Fighter on Feb 2, 2024.
             Was an Initiate of Gozag.
             Slain by a boulder beetle (4 damage)
             ... in the Dungeon (Sprint IX: "|||||||||||||||||||||||||||||").
             The game lasted 00:02:34 (219 turns).

Heoruswealwe the Impaler (Minotaur Fighter)          Turns: 219, Time: 00:02:34

Health: -2/83      AC: 27    Str: 23    XL:     8   Next: 33%
Magic:  7/7        EV:  7    Int:  5    God:    Gozag
Gold:   468        SH:  0    Dex: 10    Spells: 7/7 levels left

rFire   . . .        b - +2 halberd (protect)
rCold   . . .        (shield currently unavailable)
rNeg    . . .        c - +0 plate armour
rPois   .            (helmet restricted)
rElec   .            (no cloak)
rCorr   .            (no gloves)
SInv    .            e - +0 pair of boots
Will    .....        (no amulet) Stlth
                     k - +2 ring of protection
HPRegen 0.33/turn    j - +2 ring of protection
MPRegen 0.10/turn

%: no teleportation
@: gold aura, under a protective aura
A: horns 2, retaliatory headbutt
a: Renounce Religion, Potion Petition, Call Merchant, Bribe Branch


You were in the Dungeon.
You worshipped Gozag.
Gozag was aware of your devotion.
You visited 1 branch You collected 468 gold pieces.

Inventory:

Hand Weapons
 a - a +0 trident
 b - a +2 halberd of protection (weapon)
Armour
 c - a +0 plate armour (worn)
 d - a +0 buckler
 e - a +0 pair of boots (worn)
Jewellery
 j - a +2 ring of protection (right hand)
 k - a +2 ring of protection (left hand)
Wands
 h - a wand of roots (10)
Scrolls
 n - 2 scrolls of blinking
Potions
 f - 3 potions of heal wounds
 g - a potion of haste
 i - a potion of berserk rage
 l - 5 potions of curing
 m - a potion of might


   Skills:
 + Level 11.7 Fighting
 * Level 15.5 Polearms
 + Level 11.7 Armour
 - Level 3.6 Shields


You had 7 spell levels left.
You didn't know any spells.
Your spell library was empty.

Dungeon Overview and Level Annotations

Branches:
Dungeon (1/1)

Altars:
Cheibriados
Dithmenos
Elyvilon
Fedhas
Gozag
Hepliaklqana
Kikubaaqudgha
Makhleb
Nemelex Xobeh
Okawaru
Qazlal
Ru
Sif Muna
Trog
Uskayaw
Vehumet
Wu Jian
Xom
Yredelemnul
Zin
The Shining One
Jiyva
Lugonu


Innate Abilities, Weirdness & Mutations

You have a pair of horns on your head.
You reflexively headbutt those who attack you in melee.


Message History

The efreet is lightly wounded.
The efreet hits you but does no damage.
The boulder beetle curls into a ball and begins rolling!
You barely miss the efreet.
The efreet is lightly wounded.
The efreet barely misses you. You furiously retaliate!
You headbutt the efreet. You hit the efreet but do no damage.
The efreet is lightly wounded.
You hit the efreet but do no damage.
The efreet is lightly wounded.
The efreet hits you but does no damage.
The eight-headed hydra is engulfed in blazing flames.
You impale the efreet!! You headbutt the efreet.
The efreet is almost dead.
The efreet hits you with a +0 scimitar of flaming.
The efreet burns you.
The eight-headed hydra is engulfed in blazing flames.
You slice the efreet!!
You kill the efreet!
The boulder beetle hits you!
* * * LOW HITPOINT WARNING * * *
The boulder beetle stops rolling and uncurls.
Your Polearms skill increases to level 15!
You slice one of the eight-headed hydra's heads off!
The seven-headed hydra grows two more!
You puncture the nine-headed hydra!
The nine-headed hydra is heavily wounded.
The boulder beetle bites you but does no damage.
The nine-headed hydra bites you but does no damage.
The nine-headed hydra bites you.
* * * LOW HITPOINT WARNING * * *
The nine-headed hydra bites you but does no damage. x4
The nine-headed hydra bites you!
* * * LOW HITPOINT WARNING * * *
The nine-headed hydra barely misses you.
The nine-headed hydra bites you but does no damage.
You barely miss the nine-headed hydra.
The nine-headed hydra is heavily wounded.
The boulder beetle bites you.
You die...
Your body crumbles into a pile of gold. ▓▓▓▓▓▓▓▓▓▓▓▓▓▓▓▓▓▓▓▓▓▓▓▓ '!?)[[....[....B@Dcue... ▓▓▓▓▓▓▓▓▓▓▓▓▓▓▓▓▓▓▓▓▓▓▓▓

You could see a boulder beetle, a nine-headed hydra, a brown ugly thing, a centaur warrior and a deep elf pyromancer.

Vanquished Creatures
  A two-headed ogre (D)
  An efreet (D)
  An acid dragon (D)
  2 orc warriors (D)
  A gnoll sergeant (D)
  A killer bee (D)
  A bombardier beetle (D)
  A jelly (D)
  2 adders (D)
  An ufetubus (D)
  An endoplasm (D)
  A bat (D)
  2 goblins (D)
  A kobold (D)
17 creatures vanquished.

Notes
Turn   | Place    | Note
-------+----------+-------------------------------------------
     0 | D        | Heoruswealwe the Minotaur Fighter began the quest for the
                  | Orb.
     0 | D        | Reached XP level 1. HP: 19/19 MP: 0/0
     6 | D        | Banished a spatial maelstrom
     9 | D        | Reached skill level 3 in Polearms
    24 | D        | Noticed a bombardier beetle
    24 | D        | Noticed a jelly
    29 | D        | Killed a bombardier beetle
    30 | D        | Reached skill level 5 in Fighting
    30 | D        | Reached skill level 6 in Polearms
    30 | D        | Reached skill level 5 in Armour
    30 | D        | Reached XP level 2. HP: 29/29 MP: 1/1
    30 | D        | Reached XP level 3. HP: 36/36 MP: 2/2
    33 | D        | Reached skill level 7 in Polearms
    33 | D        | Reached XP level 4. HP: 40/44 MP: 3/3
    46 | D        | Found a snail-covered altar of Cheibriados.
    46 | D        | Found a shadowy altar of Dithmenos.
    46 | D        | Found a white marble altar of Elyvilon.
    46 | D        | Found a blossoming altar of Fedhas.
    46 | D        | Found an opulent altar of Gozag.
    47 | D        | Found a hazy altar of Hepliaklqana.
    48 | D        | Found a viscous altar of Jiyva.
    49 | D        | Found an ancient bone altar of Kikubaaqudgha.
    50 | D        | Found a corrupted altar of Lugonu.
    51 | D        | Found a burning altar of Makhleb.
    52 | D        | Found a sparkling altar of Nemelex Xobeh.
    53 | D        | Found an iron altar of Okawaru.
    54 | D        | Became a worshipper of Gozag Ym Sagoz the Greedy
    55 | D        | Found a stormy altar of Qazlal.
    56 | D        | Found a sacrificial altar of Ru.
    57 | D        | Found a shimmering blue altar of Sif Muna.
    58 | D        | Found a bloodstained altar of Trog.
    59 | D        | Found a hide-covered altar of Uskayaw.
    60 | D        | Found a radiant altar of Vehumet.
    61 | D        | Found an ornate altar of the Wu Jian Council.
    62 | D        | Found a shimmering altar of Xom.
    63 | D        | Found a basalt altar of Yredelemnul.
    64 | D        | Found a glowing silver altar of Zin.
    65 | D        | Found a glowing golden altar of the Shining One.
   144 | D        | Noticed an orc warrior
   144 | D        | Noticed an acid dragon
   144 | D        | Noticed a gnoll sergeant
   144 | D        | Noticed an orc warrior
   144 | D        | Noticed a two-headed ogre
   147 | D        | Reached skill level 8 in Polearms
   147 | D        | Reached XP level 5. HP: 50/51 MP: 4/4
   157 | D        | Killed an orc warrior
   158 | D        | Reached skill level 10 in Polearms
   160 | D        | Killed an acid dragon
   161 | D        | Reached skill level 11 in Polearms
   161 | D        | Reached XP level 6. HP: 43/62 MP: 5/5
   166 | D        | Killed a two-headed ogre
   167 | D        | Reached skill level 10 in Fighting
   167 | D        | Reached skill level 14 in Polearms
   167 | D        | Reached skill level 10 in Armour
   167 | D        | Reached XP level 7. HP: 47/73 MP: 6/6
   183 | D        | Reached XP level 8. HP: 48/82 MP: 7/7
   202 | D        | Noticed a boulder beetle
   202 | D        | Noticed an efreet
   202 | D        | Noticed a centaur warrior
   202 | D        | Noticed an eight-headed hydra
   202 | D        | Noticed a brown ugly thing
   202 | D        | Noticed a deep elf pyromancer
   217 | D        | Killed an efreet
   218 | D        | Reached skill level 15 in Polearms
   218 | D        | HP: 2/83 [nine-headed hydra (8)]
   219 | D        | Slain by a boulder beetle

Illustrated notes

Levels and vault maps discovered:
D:        linesprint [early_d, line_temple, items_1, d_10, items_2, lair_1,
          lair_end, items_3, orc_1, orc_end, items_4, d_15, swamp_1, shoals_1,
          snake_1, spider_1, d_20, vaults_1, items_5, swamp_end, shoals_end,
          snake_end, spider_end, vaults_end, d_27, items_6, zot_1, zot_end,
          crypt_end, forest_end, elf_end, slime_end, tomb_end, abyss_end,
          pan_hell_end]

Skill      XL: |  1  2  3  4  5  6  7  8 |
---------------+-------------------------+-----
Polearms       | 6 7 8 11 14 15 | 15.5
Fighting       | 5 6 8 10 11 | 11.7
Armour         | 5 7 8 10 11 | 11.7
Shields        | |  3.6

Action                     |  1- 3 |  4- 6 |  7- 9 || total
---------------------------+-------+-------+-------++-------
  Melee: Trident           |    17 |     8 |       ||    25
         Headbutt          |     4 |     6 |     9 ||    19
         Halberd           |       |    20 |    27 ||    47
 Armour: Scale mail        |     8 |    14 |       ||    22
         Ring mail         |       |    19 |    10 ||    29
         Plate armour      |       |       |    20 ||    20
  Dodge: Dodged            |     5 |    15 |     4 ||    24
  Block: Buckler           |     5 |     4 |       ||     9
